 Dungeon Crawl Stone Soup version 0.30-a0-1103-g25895a7845 (webtiles) character file.

Game seed: 3561316133128554063

462 jasper the Ruffian (level 6, 0/62 HPs)
             Began as a Troll Cinder Acolyte on Apr 18, 2023.
             Was a High Priest of Ignis.
             Succumbed to a water moccasin's poison
             ... on level 6 of the Dungeon.
             The game lasted 00:01:50 (698 turns).

jasper the Ruffian (Troll Cinder Acolyte)            Turns: 698, Time: 00:01:51

Health: 0/62       AC:  4    Str: 23    XL:     6   Next: 79%
Magic:  6/6        EV:  9    Int: 12    God:    Ignis [*****.]
Gold:   101        SH:  0    Dex:  5    Spells: 7/7 levels left

rFire   + . .      SeeInvis .      - Unarmed
rCold   . . .      Faith    .    (no shield)
rNeg    . . .      Spirit   .    a - +0 robe
rPois   .          Reflect  .    (helmet restricted)
rElec   .          Rampage  .    (no cloak)
rCorr   .                        (gloves unavailable)
Will    .....                    (boots unavailable)
Stlth   +                        (no amulet)
HPRegen 1.10/turn                (no ring)
MPRegen 0.10/turn                (no ring)

@: brilliant, lethally poisoned (0 -> -6)
A: large, unfitting armour, claws 3, regeneration 1, shaggy fur 1, tough skin 1
a: Renounce Religion, Fiery Armour, Foxfire Swarm, Rising Flame


You were on level 6 of the Dungeon.
You worshipped Ignis.
Ignis was extremely pleased with you.
You visited 1 branch of the dungeon, and saw 6 of its levels.

You collected 101 gold pieces.

Inventory:

Hand Weapons
 f - a +0 giant club
Missiles
 g - 2 throwing nets (quivered)
Armour
 a - a +0 robe (worn)
Jewellery
 b - a ring of magical power
Scrolls
 c - a scroll of immolation {unknown}
 d - 2 scrolls of blinking {unknown}
 e - a scroll of fog {unknown}
 i - a scroll of amnesia {unknown}


   Skills:
 + Level 4.1 Fighting
 - Level 1.0 Dodging
 * Level 6.4 Unarmed Combat
 - Level 1.0 Spellcasting
 - Level 2.1 Fire Magic


You had 7 spell levels left.
You didn't know any spells.
Your spell library contained the following spells:

 Spells                   Type           Power      Damage    Failure   Level
 Scorch                   Fire           16%        2d5       19%         2
 Volatile Blastmotes      Fire/Tloc      8%         2d10      50%         3
 Dazzling Flash           Conj/Hex       0%         N/A       65%         3
 Iskenderun's Mystic Bla  Conj/Tloc      0%         2d3       96%         4
 Starburst                Conj/Fire      2%         6d3       100%        6


Dungeon Overview and Level Annotations

Branches:
Dungeon (6/15)             Temple (0/1) D:6

Altars:
Ru


Innate Abilities, Weirdness & Mutations

You are too large for most types of armour.
You have claws for hands.
Your natural rate of healing is unusually fast.
You are covered in fur. (AC +1)
You have tough skin. (AC +1)


Message History

You closely miss the water moccasin.
The water moccasin is severely wounded.
You feel very sick. The water moccasin barely misses you.
You take 3 damage, and have 29/62 hp.
You miss the water moccasin.
The water moccasin is severely wounded.
You feel sick. The water moccasin bites you.
The water moccasin barely misses you.
You take 3 damage, and have 26/62 hp.
You completely miss the water moccasin.
The water moccasin is severely wounded.
You feel sick. The water moccasin bites you!
* * * LOW HITPOINT WARNING * * *
You take 8 damage, and have 18/62 hp.
You scratch the water moccasin.
The water moccasin is almost dead.
You feel sick. The water moccasin barely misses you.
You take 1 damage, and have 17/62 hp.
You miss the water moccasin.
The water moccasin is almost dead.
You feel sick. The water moccasin bites you!
* * * LOW HITPOINT WARNING * * *
You are lethally poisoned!
The water moccasin poisons you!
You take 8 damage, and have 9/62 hp.
You claw the water moccasin!
You kill the water moccasin!
* * * LOW HITPOINT WARNING * * *
You feel very sick.
Your Fighting skill increases to level 4!
You take 3 damage, and have 6/62 hp.
There is a lethal amount of poison in your body!
It was a potion of brilliance.
You feel clever all of a sudden.
* * * LOW HITPOINT WARNING * * *
You feel very sick.
You take 3 damage, and have 3/62 hp.
Okay, then.
You die...

#. ....... #.
....b. #..
###...### #..
#.......### #...
#.........#
###.>.##.........#
.................#
.......@.........#
........#####....#
........# ###....#
........# #......#
###########.######
#...........#
#.####.####.#
#.#...... #
#.#.##.##.#


There were no monsters in sight!

Vanquished Creatures
  A water moccasin (D:6)
  An ogre (D:4)
  A centaur (D:6)
  Blork the orc (D:6)
  7 gnolls
  3 adders
  A worm (D:3)
  3 ball pythons
  3 endoplasms (D:1)
  6 hobgoblins
  4 jackals
  A kobold (D:1)
  2 quokkas
  A bat (D:1)
  A goblin (D:3)
  4 rats
40 creatures vanquished.

Notes
Turn   | Place    | Note
-------+----------+-------------------------------------------
     0 | D:1      | jasper the Troll Cinder Acolyte began the quest for the
                  | Orb.
     0 | D:1      | Reached XP level 1. HP: 22/22 MP: 1/1
    41 | D:1      | Reached XP level 2. HP: 29/29 MP: 2/2
   286 | D:3      | Reached XP level 3. HP: 36/36 MP: 3/3
   343 | D:3      | Reached skill level 1 in Dodging
   407 | D:4      | Noticed an ogre
   410 | D:4      | Reached skill level 4 in Unarmed Combat
   414 | D:4      | Reached XP level 4. HP: 22/44 MP: 4/4
   418 | D:4      | Killed an ogre
   419 | D:4      | Reached XP level 5. HP: 24/53 MP: 5/5
   447 | D:4      | Reached skill level 5 in Unarmed Combat
   520 | D:5      | Entered Level 5 of the Dungeon
   599 | D:6      | Noticed Blork the orc
   607 | D:6      | Killed Blork the orc
   608 | D:6      | Reached XP level 6. HP: 51/62 MP: 6/6
   632 | D:6      | Found a sacrificial altar of Ru.
   645 | D:6      | Reached skill level 6 in Unarmed Combat
   681 | D:6      | Found a staircase to the Ecumenical Temple.
   683 | D:6      | Noticed a water moccasin
   696 | D:6      | Killed a water moccasin
   697 | D:6      | HP: 3/62 [poisoned by a water moccasin]
   698 | D:6      | Succumbed to a water moccasin's poison

Illustrated notes

Levels and vault maps discovered:
D:1:      erik_arrival_triangle_small, layout_rooms,
          dreamdust_ecumenical_altar_drowned_temple, minmay_box_of_dots
D:2:      layout_loops_ring, corexii_leaking_fountain
D:3:      layout_loops_ring
D:4:      layout_loops_ring, lemuel_blue_sif_altar, marbit_many_paths,
          kennysheep_small_square, uniq_duvessa
D:5:      layout_rooms, serial_shops, shop
D:6:      minmay_goblin_kobold_castle, layout_basic,
          nicolae_ru_sacrificial_ziggurat, vehumet_crystals,
          minmay_temple_entry_butterflies, serial_shops, kennysheep_little_box,
          uniq_blork_the_orc

Skill      XL: |  1  2  3  4  5  6 |
---------------+-------------------+-----
Dodging        | 1 |  1.0
Unarmed Combat | 4 5 6 |  6.4
Fighting       | 3 4 |  4.1
Spellcasting   | |  1.0
Fire Magic     | |  2.1

Action                     |  1- 3 |  4- 6 || total
---------------------------+-------+-------++-------
  Melee: Unarmed           |    75 |    32 ||   107
 Invoke: Fiery Armour      |     1 |       ||     1
    Use: Potion            |       |     1 ||     1
 Armour: Robe              |    31 |     5 ||    36
  Dodge: Dodged            |    27 |    15 ||    42

Table legend: (Time is in decaauts)
 A = Elapsed time spent in this place.
 B = Non-inter-level travel time spent in this place.
 C = Inter-level travel time spent in this place.
 D = Time resting spent in this place.
 E = Time spent auto-exploring this place.
 F = Levels seen in this place.
 G = Mean time per level.
                   A        B        C        D        E       F      G
               +--------+--------+--------+--------+--------+-----+--------+
         Total |    688 |    659 |     29 |      0 |    387 |   6 |  114.7 |
       Dungeon |    688 |    659 |     29 |      0 |    387 |   6 |  114.7 |
               +--------+--------+--------+--------+--------+-----+--------+

Top non-repeatable levels by time:
     D:3: 179 daAuts
     D:4: 165 daAuts
     D:2: 112 daAuts
     D:6: 100 daAuts
     D:5: 74 daAuts
     D:1: 56 daAuts
